 Dungeon Crawl Stone Soup version 0.27-a0-1500-g450c7e4133 (webtiles) character file.

Game seed: 5406930671326700153

160124 robertstho the Eclecticist (level 18, 0/128 HPs)
             Began as a Djinni Fire Elementalist on July 7, 2021.
             Was an Initiate of Gozag.
             Killed by an exploding ball lightning (23 damage)
             ... on level 3 of the Snake Pit.
             The game lasted 01:06:32 (41875 turns).

robertstho the Eclecticist (DjFE)                  Turns: 41875, Time: 01:06:35

Health: 0/128      AC:  7    Str:  7    XL:     18   Next: 38%
Gold:   6002       EV: 14    Int: 24    God:    Gozag SH:  5 Dex: 15

rFire    + + +     SeeInvis +   e - staff of fire
rCold    x . .     Faith    .   (no shield)
rNeg     . . .     Spirit   .   a - +2 robe {rC+}
rPois    ∞         Reflect  +   l - +0 mask of the Dragon {Will+ Slay+3 SInv}
rElec    .         Harm     .   g - scarf {+Inv}
rCorr    .         Rampage  .   b - +2 pair of gloves
Will     ++...                  (boots unavailable)
Stlth    ++........             w - amulet of reflection
HPRegen  0.31/turn              z - ring of fire
MPRegen  0.00/turn              I - ring of protection from fire

@: unable to read, gold aura, flying, contaminated, glowing, studying Polearms
A: sickness immunity, fire resistance 2, cold vulnerability 1, float, innate
caster, hp casting, extra vitality 1, inability to read while threatened
a: Renounce Religion, Evoke Invisibility, Potion Petition, Call Merchant, Bribe
Branch


You were on level 3 of the Snake Pit.
You worshipped Gozag.
Gozag was greatly pleased with you.
You visited 5 branches of the dungeon, and saw 27 of its levels.
You also visited: Ossuary, Bailey and Volcano.

You collected 10497 gold pieces.
You spent 3548 gold pieces at shops.
You paid 947 gold pieces to Gozag.

Inventory:

Hand Weapons
 L - a +3 scimitar of flaming
 W - the +9 glaive of the Distant Future {flame, rC- rN+ Str+6}
   (You bought it in a shop on level 2 of the Orcish Mines)

   It has been specially enchanted to burn those struck by it, causing extra
   injury to most foes and up to half again as much damage against particularly
   susceptible opponents.
   Big, fiery blades are also staple armaments of hydra-hunters.
   Str:       It affects your strength (+6).
   rC:        It makes you vulnerable to cold.
   rN:        It protects you from negative energy.
Armour
 a - a +2 robe of cold resistance (worn)
 b - a +2 pair of gloves (worn)
 g - a scarf of invisibility (worn)
 l - the +0 mask of the Dragon (worn) {Will+ Slay+3 SInv}
   (You bought it in a shop on level 5 of the Dungeon)

   Slay:      It affects your accuracy & damage with ranged weapons and melee
   (+3).
   SInv:      It lets you see invisible.
   Will:      It increases your willpower.
 N - the +2 helmet of Disaster {rC+ Int+3 Stlth-}
   (You found it on level 8 of the Dungeon)

   Int:       It affects your intelligence (+3).
   rC:        It protects you from cold.
   Stlth:     It makes you less stealthy.
 U - a +2 robe of fire resistance
Magical Staves
 e - a staff of fire (weapon)
Jewellery
 h - the ring "Tuah" {Ice rElec rPois Will-}
   (You acquired it in a bailey)

   [ring of ice]

   It enhances your ice magic.
   rF:        It makes you vulnerable to fire.
   rC:        It protects you from cold.
   rElec:     It insulates you from electricity.
   rPois:     It protects you from poison.
   Will:      It decreases your willpower.
 n - the amulet of Daolyter {RegenMP rF+ rN+ Will+}
   (You found it on level 13 of the Dungeon)

   [amulet of magic regeneration]

   It increases your rate of magic regeneration.
   rF:        It protects you from fire.
   rN:        It protects you from negative energy.
   Will:      It increases your willpower.
 q - a +6 ring of strength
 w - an amulet of reflection (around neck)
 z - a ring of fire (left hand)
 F - a ring of willpower
 I - a ring of protection from fire (right hand)
 T - the ring of Nouhy {rCorr Str+4 Dex-5 SInv Stlth+}
   (You took it off a centaur on level 8 of the Dungeon)

   [ring of resist corrosion]

   Str:       It affects your strength (+4).
   Dex:       It affects your dexterity (-5).
   SInv:      It lets you see invisible.
   rCorr:     It protects you from acid and corrosion.
   Stlth:     It makes you more stealthy.
Wands
 m - a wand of digging (10)
 t - a wand of mindburst (14)
 y - a wand of iceblast (9)
 A - a wand of acid (9)
 P - a wand of flame (14)
 X - a wand of paralysis (11)
Scrolls
 c - 7 scrolls of enchant armour
 j - 7 scrolls of fear
 k - 4 scrolls of magic mapping
 p - 3 scrolls of summoning
 s - 2 scrolls of enchant weapon
 u - 4 scrolls of immolation
 v - 2 scrolls of brand weapon
 x - 5 scrolls of blinking
 G - 3 scrolls of silence
 H - 14 scrolls of teleportation
 M - a scroll of holy word
 O - 3 scrolls of vulnerability
 R - 2 scrolls of fog
 V - 6 scrolls of identify
Potions
 f - 3 potions of resistance
 i - 5 potions of berserk rage
 o - 7 potions of brilliance
 r - 5 potions of cancellation
 B - 10 potions of might
 C - 2 potions of mutation
 D - 6 potions of haste
 E - 12 potions of curing
 J - a potion of heal wounds
 K - 3 potions of invisibility
 Q - a potion of ambrosia
 S - 2 potions of attraction
Miscellaneous
 d - a tin of tremorstones (2/2)


   Skills:
 * Level 11.0 Fighting
 + Level 1.4(1.6) Polearms
 + Level 1.0(1.5) Staves
 + Level 1.6 Armour
 + Level 5.3 Dodging
 + Level 5.9 Stealth
 + Level 2.6 Shields
 * Level 19.7 Spellcasting
 + Level 2.1 Evocations


You had 10 spell levels left.
You knew the following spells:

 Your Spells              Type           Power      Damage    Failure   Level
a - Foxfire               Conj/Fire      100%       2x1d9     0%          1
b - Conjure Flame         Conj/Fire      100%       6-21      0%          3
c - Inner Flame           Hex/Fire       100%       N/A       0%          3
d - Sticky Flame          Conj/Fire      100%       2d11      0%          4
e - Fireball              Conj/Fire      66%        3d25      0%          5
f - Magic Dart            Conj           100%       1d8       0%          1
g - Blink                 Tloc           N/A        N/A       0%          2
h - Lesser Beckoning      Tloc           43%        N/A       0%          3
i - Stone Arrow           Conj/Erth      100%       3d13      0%          3
j - Passage of Golubria   Tloc           N/A        N/A       0%          4
k - Irradiate             Conj/Tmut      43%        3d27      0%          5
l - Shadow Creatures      Summ           N/A        N/A       1%          6
m - Conjure Ball Lightni  Conj/Air       43%        3x3d15    1%          6
Your spell library was empty.

Dungeon Overview and Level Annotations

Branches:
Dungeon (15/15)            Temple (1/1) D:5            Lair (6/6) D:8
 Shoals (0/4) Lair:4        Snake (3/4) Lair:4        Slime (0/5) Lair:5
    Orc (2/2) D:12            Elf (0/3) Orc:2        Vaults (0/5) D:14
 Depths (0/5) D:15        Ossuary (visited)          Bailey (visited)
Volcano (visited)

Altars:
Dithmenos
Elyvilon
Gozag
Xom
Zin
Beogh
Jiyva

Shops:
D:5 *   D:10 (   Orc:1 [   Orc:2 ?(!(   Lair:4 !   Snake:1 [?::?

Annotations:
D:3 3 runed translucent doors, Crazy Yiuf; McSplat's ghost, amateur HuFE
D:5 601 mask
Snake:3 Aizul


Innate Abilities, Weirdness & Mutations

You are immune to sickness and miasma.
You are immune to poison.
Your flesh is very heat resistant. (rF++)
You are vulnerable to cold. (rC-)
You float through the air rather than walking.
You learn spells naturally, not from books.
Your magical power is your life essence.
You have superior vitality. (+4 HP)
You sometimes lose the ability to read scrolls when taking damage.


Message History

Your Fighting skill increases to level 11!
You feel much better.
Casting: Irradiate (safe; 0% risk of failure)
Confirm with . or Enter, or press ? or * to list all spells.
Okay, then.
Casting: Irradiate (safe; 0% risk of failure)
Confirm with . or Enter, or press ? or * to list all spells.
You create some ball lightning!
Aizul shouts! 3 ball lightnings come into view.
Aizul is no longer distracted by gold.
Your ball lightning explodes!
The blast of lightning engulfs you!
You feel threatened and lose the ability to read scrolls!
The blast of lightning engulfs your ball lightning.
Your ball lightning completely resists.
The blast of lightning engulfs your ball lightning.
Your ball lightning completely resists.
The blast of lightning engulfs Aizul!
Aizul is lightly wounded.
The blast of lightning engulfs the anaconda!!
The anaconda is heavily wounded.
Your ball lightning explodes!
The blast of lightning engulfs you!!
* * * LOW HITPOINT WARNING * * *
The blast of lightning engulfs your ball lightning.
Your ball lightning completely resists.
The blast of lightning engulfs Aizul!!
Aizul is moderately wounded.
You hear an angry hiss.
There is an open gate here.
You cannot read scrolls in your current state!
Your ball lightning explodes!
The blast of lightning engulfs Aizul!!
Aizul is heavily wounded.
The blast of lightning engulfs the anaconda!!
The anaconda is almost dead.
The blast of lightning engulfs you!!
You die...
Your body crumbles into a pile of gold.

.....#
.....+
.....#
....#####+##
#.........#
+.........#
$
+.........#
#<........#
##...@....#
#++##'''##
#...# #S$.#
#S.|#
.SS..$$$..#
#..SS####.#
#... #.# #..
.#


You could see Aizul and an anaconda.

Vanquished Creatures
  Roxanne (D:14)
  A ghost moth (shapeshifter) (D:14)
  An orc warlord (Bailey)
  An ironbound preserver (D:14)
  A stone giant (D:15)
  Azrael (D:14)
  Harold (D:8)
  Fannar (D:10)
  2 naga warriors (Snake:2)
  3 boulder beetles
  2 catoblepae (Lair:6)
  7 hydras
  Erica (D:8)
  8 centaur warriors
  An anaconda (Snake:2)
  2 two-headed ogres
  9 death yaks
  4 tengu warriors
  2 orc high priests (Orc:1)
  5 naga sharpshooters
  Sonja (D:10)
  2 shock serpents (Snake:1)
  Nergalle (Lair:1)
  4 skeletal warriors (D:15)
  2 naga ritualists
  5 lindwurms
  4 deep elf pyromancers
  A necromancer (Lair:2)
  4 orc knights
  19 ugly things
  4 mana vipers
  6 cyclopes
  2 oklob plants (Lair:3)
  9 orc sorcerers
  4 manticores
  2 salamanders
  2 elephants (Lair:6)
  25 black mambas
  A torpor snail (Lair:6)
  A toenail golem (Volcano)
  3 gargoyles
  2 naga magi (Snake:2)
  3 molten gargoyles (Volcano)
  An ice statue (D:9)
  4 efreet
  14 cane toads
  Maggie (D:9)
  An unseen horror (D:11)
  8 ice devils (D:9)
  6 rime drakes
  17 komodo dragons
  A freezing wraith (D:15)
  2 tengu conjurers
  A meliai (D:8)
  5 polar bears
  9 trolls
  2 hornets (Lair:2)
  15 blink frogs
  12 slime creatures
  9 dream sheep
  Sigmund (D:5)
  2 shadows
  A vampire (D:13)
  4 wraiths
  8 wyverns
  3 humans (Lair:5)
  7 basilisks
  38 yaks
  Eustachio (D:4)
  6 fire elementals
  A basilisk (shapeshifter) (D:15)
  2 steam dragons (D:8)
  A hog (shapeshifter) (D:14)
  Edmund (D:5)
  15 nagas
  An acid dragon (D:8)
  7 wargs
  Duvessa (D:6)
  24 water moccasins
  3 hell hounds (D:14)
  28 orc warriors
  2 sky beasts
  2 ice beasts (D:8)
  5 ogres
  11 centaurs
  4 boggarts (D:15)
  10 black bears
  2 necrophages
  8 wolves
  A kobold brigand (D:10)
  2 elf zombies (Ossuary)
  12 bullfrogs
  2 gnoll sergeants
  2 earth elementals (Volcano)
  3 scorpions
  Dowan (D:6)
  A water moccasin skeleton (D:4)
  4 wights (D:9)
  12 killer bees
  3 centaur zombies
  A bullfrog zombie (D:5)
  15 orc priests
  3 hounds
  2 gnoll shamans
  A centaur skeleton (D:4)
  2 human zombies (Ossuary)
  38 orc wizards
  3 iguanas (D:5)
  Terence (D:3)
  2 killer bee zombies
  3 wolf simulacra (Lair:2)
  3 polar bear simulacra (Lair:2)
  3 yak simulacra (Lair:2)
  3 mummies (Ossuary)
  A howler monkey zombie (D:9)
  30 gnolls
  10 adders
  A white imp (D:5)
  4 ufetubi (D:9)
  2 adder skeletons
  A worm (D:2)
  3 dart slugs
  91 orcs
  2 endoplasms
  5 giant cockroaches
  25 goblins
  23 hobgoblins
  3 jackals
  4 quokkas
  4 ball pythons
  2 bats
  A frilled lizard (D:3)
  4 goblin zombies (Ossuary)
  5 hobgoblin zombies (Ossuary)
  15 kobolds
  A kobold zombie (Ossuary)
  An orc zombie (Ossuary)
  2 rats (D:3)
  2 river rat simulacra (Lair:2)
  2 bushes
  2 fire vortices (Volcano)
837 creatures vanquished.

Vanquished Creatures (others)
  A human (Lair:5)
  3 ball lightnings (Snake:3)
  A fire vortex (Volcano)
  672 foxfires
  27 fungi
  96 plants
800 creatures vanquished.

Grand Total: 1637 creatures vanquished

Notes
Turn   | Place    | Note
-------+----------+-------------------------------------------
     0 | D:1      | robertstho the Djinni Fire Elementalist began the quest for
                  | the Orb.
     0 | D:1      | Reached XP level 1. HP: 15/15 MP: 0/0
   720 | D:1      | Reached XP level 2. HP: 18/21 MP: 0/0
  1102 | D:1      | Reached skill level 3 in Spellcasting
  1414 | D:1      | Reached XP level 3. HP: 19/25 MP: 0/0
  1414 | D:1      | Learned a level 1 spell: Magic Dart
  2511 | D:2      | Reached XP level 4. HP: 29/31 MP: 0/0
  2710 | D:3      | Found a faded altar of an unknown god.
  3059 | D:3      | Found a runed translucent door.
  3080 | D:3      | Reached skill level 4 in Spellcasting
  3080 | D:3      | Reached XP level 5. HP: 31/36 MP: 0/0
  3080 | D:3      | Learned a level 2 spell: Blink
  3084 | D:3      | Reached skill level 1 in Fighting
  3271 | D:3      | Found a runed translucent door.
  3655 | D:3      | Noticed Terence
  3666 | D:3      | Killed Terence
  3667 | D:3      | Reached XP level 6. HP: 22/42 MP: 0/0
  3841 | D:3      | Noticed McSplat's ghost (amateur HuFE)
  4077 | D:3      | Noticed a black bear
  4086 | D:3      | Killed a black bear
  4175 | D:3      | Found a runed translucent door.
  4176 | D:3      | Noticed Crazy Yiuf
  4456 | D:4      | Reached skill level 5 in Spellcasting
  4516 | D:4      | Noticed Eustachio
  4523 | D:4      | Killed Eustachio
  4524 | D:4      | Reached XP level 7. HP: 40/48 MP: 0/0
  4524 | D:4      | Learned a level 3 spell: Lesser Beckoning
  5299 | D:4      | Reached skill level 6 in Spellcasting
  5567 | D:4      | Reached XP level 8. HP: 45/54 MP: 0/0
  5631 | D:5      | Entered Level 5 of the Dungeon
  5640 | D:5      | Noticed Sigmund
  5645 | D:5      | Killed Sigmund
  5862 | D:5      | Found a staircase to the Ecumenical Temple.
  5899 | Temple   | Entered the Ecumenical Temple
  5905 | Temple   | Became a worshipper of Gozag Ym Sagoz the Greedy
  5984 | D:5      | Reached skill level 7 in Spellcasting
  6482 | D:5      | Found Gishuris's Assorted Antiques.
  6535 | D:5      | Noticed Edmund
  6549 | D:5      | Killed Edmund
  6889 | D:5      | Reached XP level 9. HP: 56/60 MP: 0/0
  6889 | D:5      | Learned a level 3 spell: Stone Arrow
  7162 | D:5      | Identified the +1 ring mail of the Constellations {Slay+3}
  7169 | D:6      | Noticed Duvessa
  7169 | D:6      | Noticed Dowan
  7468 | D:6      | Reached skill level 8 in Spellcasting
  8072 | D:6      | Found a shadowy altar of Dithmenos.
  8199 | D:6      | Killed Dowan
  8527 | D:6      | Killed Duvessa
  8783 | D:7      | Reached skill level 1 in Shields
  8800 | D:7      | Reached skill level 9 in Spellcasting
  8960 | D:7      | Noticed a two-headed ogre
  8981 | D:7      | Found a sand-covered staircase.
  8990 | Ossuary  | Entered an ossuary
  9524 | Ossuary  | Reached XP level 10. HP: 57/68 MP: 0/0
 10871 | D:7      | Killed a two-headed ogre
 10872 | D:7      | Reached skill level 10 in Spellcasting
 11279 | D:8      | Noticed Harold
 11280 | D:8      | Reached skill level 5 in Fighting
 11556 | D:8      | Killed Harold
 11557 | D:8      | Reached skill level 11 in Spellcasting
 11557 | D:8      | Reached XP level 11. HP: 60/76 MP: 0/0
 11557 | D:8      | Learned a level 4 spell: Passage of Golubria
 11836 | D:8      | Found a staircase to the Lair.
 11988 | D:8      | Noticed a tengu warrior
 11988 | D:8      | Identified the ring of Nouhy {rCorr Str+4 Dex-5 SInv
                  | Stlth+}
 11992 | D:8      | Identified the +2 helmet of Disaster {rC+ Int+3 Stlth-}
 12006 | D:8      | Noticed a four-headed hydra
 12007 | D:8      | Noticed a manticore
 12338 | D:5      | Bought the +0 mask of the Dragon {Will+ Slay+3 SInv} for
                  | 601 gold pieces
 12338 | D:5      | Found the +0 mask of the Dragon {Will+ Slay+3 SInv}
 12338 | D:5      | Bought 2 scrolls of teleportation for 108 gold pieces
 12338 | D:5      | Bought a scroll labelled LYQONA TERIUW for 18 gold pieces
 12338 | D:5      | Bought a potion of curing for 54 gold pieces
 12338 | D:5      | Bought a fizzy emerald potion for 16 gold pieces
 12424 | Lair:1   | Entered Level 1 of the Lair of Beasts
 12702 | Lair:1   | Reached skill level 12 in Spellcasting
 13049 | Lair:1   | Noticed a five-headed hydra
 13057 | Lair:1   | Killed a five-headed hydra
 13691 | Lair:1   | Reached XP level 12. HP: 78/84 MP: 0/0
 14106 | Lair:1   | Noticed Nergalle
 14109 | Lair:1   | Killed Nergalle
 14694 | Lair:2   | Reached skill level 13 in Spellcasting
 15130 | Lair:2   | Noticed a seven-headed hydra
 15136 | Lair:2   | Killed a seven-headed hydra
 15323 | Lair:2   | Reached skill level 5 in Stealth
 16176 | Lair:3   | Reached XP level 13. HP: 50/90 MP: 0/0
 16176 | Lair:3   | Learned a level 5 spell: Irradiate
 16865 | Lair:3   | Reached skill level 14 in Spellcasting
 17338 | Lair:4   | Bought a potion of cancellation for 120 gold pieces
 17338 | Lair:4   | Bought a potion of brilliance for 60 gold pieces
 17338 | Lair:4   | Bought a potion of curing for 45 gold pieces
 17338 | Lair:4   | Bought a potion of invisibility for 120 gold pieces
 17338 | Lair:4   | Bought a potion of flight for 45 gold pieces
 17368 | Lair:4   | Found a dark tunnel.
 17373 | Volcano  | Entered a volcano
 18739 | Lair:4   | Found a staircase to the Snake Pit.
 18804 | Lair:4   | Noticed an eight-headed hydra
 18807 | Lair:4   | Killed an eight-headed hydra
 18860 | Lair:4   | Found a staircase to the Shoals.
 18977 | Lair:4   | Reached skill level 15 in Spellcasting
 19901 | Lair:5   | Reached XP level 14. HP: 73/98 MP: 0/0
 20158 | Lair:5   | Identified the +1 pearl dragon scales of Com Qirr {*Slow
                  | rN+ Will++}
 21061 | Lair:5   | Reached skill level 16 in Spellcasting
 21369 | Lair:5   | Found a viscous altar of Jiyva.
 21369 | Lair:5   | Found a staircase to the Slime Pits.
 21524 | Lair:6   | Entered Level 6 of the Lair of Beasts
 22795 | Lair:6   | Reached XP level 15. HP: 90/104 MP: 0/0
 22795 | Lair:6   | Learned a level 6 spell: Shadow Creatures
 23566 | D:8      | Noticed Erica
 23571 | D:8      | Killed Erica
 23790 | D:8      | Reached skill level 17 in Spellcasting
 24276 | D:9      | Identified the +1 robe of Tempters {Stlth+}
 24496 | D:9      | Noticed Maggie
 24499 | D:9      | Killed Maggie
 24581 | D:9      | Reached skill level 1 in Evocations
 25809 | D:10     | Entered Level 10 of the Dungeon
 25811 | D:10     | Found Heip's Hydra Hut.
 25881 | D:10     | Found a flagged portal.
 25901 | Bailey   | Entered a bailey
 26693 | Bailey   | Noticed an orc warlord
 26700 | Bailey   | Killed an orc warlord
 27013 | Bailey   | Identified 2 scrolls of acquirement
 27017 | Bailey   | Acquired the ring "Tuah" {Ice rElec rPois Will-}
 27019 | Bailey   | Acquired 755 gold pieces
 27380 | D:10     | Noticed Fannar
 27384 | D:10     | Killed Fannar
 27649 | D:10     | Noticed Sonja
 27654 | D:10     | Killed Sonja
 28287 | D:11     | Found a shadowy altar of Dithmenos.
 29020 | D:11     | Reached skill level 1 in Polearms
 29020 | D:11     | Reached skill level 1 in Staves
 29020 | D:11     | Reached skill level 1 in Armour
 29020 | D:11     | Reached skill level 5 in Dodging
 29020 | D:11     | Reached XP level 16. HP: 112/112 MP: 0/0
 29312 | D:12     | Found a staircase to the Orcish Mines.
 29514 | D:12     | You are sucked into a shaft and drop 3 floors!
 29514 | D:15     | Entered Level 15 of the Dungeon
 30183 | D:15     | Found a staircase to the Depths.
 30407 | D:15     | Reached skill level 18 in Spellcasting
 30407 | D:15     | Reached XP level 17. HP: 94/118 MP: 0/0
 30407 | D:15     | Learned a level 6 spell: Conjure Ball Lightning
 31519 | D:14     | Reached skill level 10 in Fighting
 31978 | D:14     | Noticed Roxanne
 31993 | D:14     | Gained mutation: You sometimes lose the ability to read
                  | scrolls when taking damage. [mutagenic glow]
 31995 | D:14     | Killed Roxanne
 32697 | D:14     | Found a gate to the Vaults.
 32965 | D:14     | Noticed Azrael
 32973 | D:14     | Killed Azrael
 34828 | D:13     | Reached skill level 19 in Spellcasting
 35090 | D:13     | Identified the amulet of Daolyter {RegenMP rF+ rN+ Will+}
 35319 | Orc:1    | Entered Level 1 of the Orcish Mines
 35426 | Orc:1    | Found Juriow's Armour Shoppe.
 35511 | Orc:2    | Entered Level 2 of the Orcish Mines
 35511 | Orc:2    | Found a staircase to the Elven Halls.
 36685 | Orc:2    | Found Seomn's Antique Weapon Boutique.
 36685 | Orc:2    | Found Wad Xall's Distillery.
 37140 | Orc:2    | Bought a potion of heal wounds for 75 gold pieces
 37140 | Orc:2    | Bought a potion of curing for 45 gold pieces
 37140 | Orc:2    | Bought a potion of ambrosia for 120 gold pieces
 37140 | Orc:2    | Bought a potion of invisibility for 120 gold pieces
 37140 | Orc:2    | Bought a potion of haste for 150 gold pieces
 37140 | Orc:2    | Bought a potion of curing for 45 gold pieces
 37770 | Orc:2    | Found Gurifrimu's Magic Scroll Shoppe.
 37770 | Orc:2    | Found Zaigrol's Weapon Boutique.
 37775 | Orc:2    | Bought a scroll of magic mapping for 63 gold pieces
 37775 | Orc:2    | Bought a scroll of magic mapping for 63 gold pieces
 37775 | Orc:2    | Bought a scroll of identify for 36 gold pieces
 37775 | Orc:2    | Bought a scroll of identify for 36 gold pieces
 37775 | Orc:2    | Bought 3 scrolls of identify for 108 gold pieces
 37784 | Orc:2    | Bought the +9 glaive of the Distant Future {flame, rC- rN+
                  | Str+6} for 955 gold pieces
 38119 | Orc:1    | Reached XP level 18. HP: 79/126 MP: 0/0
 39075 | Snake:1  | Entered Level 1 of the Snake Pit
 39081 | Snake:1  | Found Tisy's Magic Scroll Boutique.
 39092 | Snake:1  | Bought a scroll of blinking for 135 gold pieces
 39173 | Snake:1  | Found Seaxafum's Book Boutique.
 39173 | Snake:1  | Found Yfin's Antique Armour Shop.
 39190 | Snake:1  | Found Woufutaq's Book Boutique.
 39234 | Snake:1  | Found Akkulerequ's Magic Scroll Shop.
 39240 | Snake:1  | Bought a scroll of blinking for 105 gold pieces
 39240 | Snake:1  | Bought a scroll of fear for 49 gold pieces
 39243 | Snake:1  | Bought a glowing scarf for 256 gold pieces
 41870 | Snake:3  | Noticed Aizul
 41875 | Snake:3  | Killed by an exploding ball lightning

Illustrated notes

Levels and vault maps discovered:
D:1:      shiori_arrival_oz, layout_loops_ring, nrook_mini_vaults
D:2:      layout_loops_ring, grunt_ministairs_10, minmay_small_reverse_x
D:3:      layout_basic, ebering_ecumenical_altar_webs, ebering_ghost_sewer_f,
          uniq_crazy_yiuf_cottage, uniq_terence
D:4:      layout_basic, serial_park_tiny_1, uniq_eustachio
D:5:      layout_basic, minmay_temple_entry_offerings, serial_shops,
          nicolae_shop_overgrown_old_shop, uniq_sigmund, uniq_edmund
D:6:      layout_basic, mainiacjoe_overflow_small_starburst, uniq_duvessa
D:7:      layout_layer_cave, nicolae_ossuary_entry_monument,
          hangedman_abyss_or_decor_lesser_grid
D:8:      layout_rooms, minmay_lair_entry_grove, minivault_12, uniq_harold,
          uniq_erica
D:9:      cheibrodos_frozen_isle, layout_basic, corexii_hall_statues_l,
          uniq_maggie
D:10:     layout_irregular_city, enter_bailey_5, minmay_misc_feat_five,
          doesnt_shop_hydraphobe, uniq_sonja, uniq_fannar
D:11:     layout_gridville, nicolae_dithmenos_through_a_glass_darkly
D:12:     layout_roguey [special_room_bee], orc_0_dummy, serial_shops, shop,
          minivault_23, uniq_nessos
D:13:     layout_cave_pools, serial_glass, glass_columns_c, glass_columns_b,
          feat_on_display, item_on_display_a, due_unseen_surprise,
          feat_on_display
D:14:     layout_cave_pods, skrybe_vaults_entry_preservation,
          minmay_misc_feat_roman, uniq_azrael, uniq_roxanne
D:15:     grunt_enter_depths_giant_problem, layout_cave_pods
Temple:   nicolae_temple_the_god_donut
Lair:1:   layout_roguey, beast_lair_carwin_6, grunt_megastairs_3, uniq_nergalle
Lair:2:   cheibrodos_lair_overgrown_chateau, layout_cave_pods, special_room,
          st_stairs_5, eino_house_with_fridge, infiniplex_staircase_pool
Lair:3:   layout_gridlike, minmay_lair_oklob_chamber
Lair:4:   layout_gridlike, minmay_shoals_entry_centaurs,
          minmay_snake_entry_six_corridors, nicolae_volcano_entry_s_turn
Lair:5:   slaughterhouse, layout_big_grid, dpeg_slime_entry_enclosed_altar,
          st_stairs_5, beast_lair_carwin_2
Lair:6:   hangedman_lair_in_review, layout_long_grid
Snake:1:  layout_grid_maze, serial_shops, nicolae_shop_statue_plus,
          grunt_megastairs_5, minmay_shoptagon, lemuel_fruit_tree,
          serial_bayou_shore_b
Snake:2:  layout_gridlike
Snake:3:  nrook_guardian_serpent_snake_passage, layout_gridlike, serial_shops,
          nicolae_take_the_stairs, gammafunk_ghost_berserking_beasts,
          uniq_vashnia, uniq_aizul
Orc:1:    layout_caves, serial_shops, shop, david_defended_altar_orc
Orc:2:    st_orc_town, layout_diamond_mine, nicolae_orc_lava_room

Skill      XL: |  1  2  3  4  5  6  7  8  9 10 11 12 13 14 15 16 17 18 |
---------------+-------------------------------------------------------+-----
Spellcasting   | 3 4 5 6 7 9 11 12 13 15 16 17 18 19 | 19.7
Fighting       | 1 2 3 4 5 6 7 8 9 10 11 | 11.0
Stealth        | 2 3 4 5 |  5.9
Dodging        | 3 4 5 |  5.3
Shields        | 1 2 |  2.6
Evocations     | 2 |  2.1
Polearms       | 1 |  1.4
Staves         | 1 |  1.0
Armour         | 1 |  1.6

Action                   |  1- 3 |  4- 6 |  7- 9 | 10-12 | 13-15 | 16-18 || total
-------------------------+-------+-------+-------+-------+-------+-------++-------
Melee: Staff             |       |     1 |     1 |     6 |    11 |     4 ||    23
 Cast: Foxfire           |    79 |    92 |   153 |       |    92 |       ||   416
       Sticky Flame      |       |     2 |    13 |    19 |    12 |     8 ||    54
       Fireball          |       |       |    52 |   111 |   267 |   317 ||   747
       Stone Arrow       |       |       |       |       |    55 |    24 ||    79
       Irradiate         |       |       |       |       |    11 |    26 ||    37
       Conjure Ball Ligh |       |       |       |       |       |     1 ||     1
Invok: Potion Petition   |       |       |     1 |       |       |       ||     1
       Call Merchant     |       |       |       |       |     1 |       ||     1
Evoke: Wand              |       |       |       |       |     1 |     1 ||     2
  Use: Scroll            |       |       |     8 |     7 |    13 |     2 ||    30
       Potion            |       |       |     4 |     1 |     7 |     3 ||    15
 Stab: Sleeping          |       |       |       |       |     1 |       ||     1
Armor: Robe              |     1 |     2 |     6 |     8 |     4 |    11 ||    32
Dodge: Dodged            |     8 |     7 |    28 |    17 |    32 |    23 ||   115
Block: Other             |       |       |     4 |    10 |     9 |     8 ||    31
       Reflection        |       |       |       |       |     3 |     5 ||     8

Table legend: (Time is in decaauts)
 A = Elapsed time spent in this place.
 B = Non-inter-level travel time spent in this place.
 C = Inter-level travel time spent in this place.
 D = Time resting spent in this place.
 E = Time spent auto-exploring this place.
 F = Levels seen in this place.
 G = Mean time per level.
                   A        B        C        D        E       F      G
               +--------+--------+--------+--------+--------+-----+--------+
         Total |  41904 |  40268 |   1636 |   3151 |  33495 |  30 | 1396.8 |
       Dungeon |  22528 |  21484 |   1044 |   1501 |  18228 |  15 | 1501.9 |
        Temple |     12 |      6 |      6 |      0 |      0 |   1 |   12.0 |
          Lair |   9797 |   9428 |    369 |    437 |   8315 |   6 | 1632.8 |
     Snake Pit |   2799 |   2732 |     67 |      0 |   2532 |   3 |  933.0 |
  Orcish Mines |   3490 |   3343 |    147 |    283 |   2632 |   2 | 1745.0 |
       Ossuary |    918 |    918 |      0 |    237 |    592 |   1 |  918.0 |
        Bailey |   1317 |   1317 |      0 |    647 |    362 |   1 | 1317.0 |
       Volcano |   1040 |   1040 |      0 |     46 |    834 |   1 | 1040.0 |
               +--------+--------+--------+--------+--------+-----+--------+

Top non-repeatable levels by time:
    D:14: 2978 daAuts
   Orc:2: 2146 daAuts
     D:5: 1963 daAuts
  Lair:5: 1948 daAuts
  Lair:1: 1922 daAuts
     D:7: 1834 daAuts
     D:8: 1755 daAuts
     D:3: 1752 daAuts
  Lair:6: 1731 daAuts
     D:9: 1688 daAuts
    D:15: 1637 daAuts
  Lair:2: 1617 daAuts
     D:1: 1529 daAuts
 Snake:1: 1443 daAuts
   Orc:1: 1343 daAuts
